 Dungeon Crawl Stone Soup version 0.23-a0-677-g07611c5 (webtiles) character file.

564 Blackhawk the Skirmisher (level 7, -5/55 HPs)
             Began as a Demonspawn Fighter on Jan 9, 2019.
             Was an Initiate of Makhleb.
             Killed by divine providence
             ... invoked by an orc priest
              (10 damage)
             ... on level 5 of the Dungeon.
             The game lasted 00:05:37 (4704 turns).

Blackhawk the Skirmisher (Demonspawn Fighter)       Turns: 4704, Time: 00:05:38

Health: -5/55      AC: 13    Str: 18    XL:     7   Next: 10%
Magic:  7/7        EV:  3    Int:  9    God:    Makhleb [......]
Gold:   183        SH:  9    Dex: 13    Spells: 6/6 levels left

rFire    + . .     SeeInvis .   a - +0 war axe
rCold    . . .     Gourm    .   c - +0 shield
rNeg     . . .     Faith    .   n - +0 plate armour
rPois    .         Spirit   .   (helmet restricted)
rElec    .         Reflect  .   (no cloak)
rCorr    .         Harm     .   (no gloves)
MR       .....     Clarity  +   (no boots)
Stlth    ..........             (no amulet)
HPRegen  0.18/turn              (no ring)
MPRegen  0.10/turn              (no ring)

@: no status effects
A: antennae 1, fangs 1, yellow scales 1, clarity, demonic guardian 2, fire
resistance 1, rot immunity
a: Renounce Religion


You were on level 5 of the Dungeon.
You worshipped Makhleb.
Makhleb was noncommittal.
You were not hungry.

You visited 2 branches of the dungeon, and saw 6 of its levels.

You collected 183 gold pieces.

Inventory:

Hand Weapons
 a - a +0 war axe (weapon)
 b - a +0 short sword of venom
 k - a +0 whip of flaming
Armour
 c - a +0 shield (worn)
 h - a +0 scale mail
 n - a +0 plate armour (worn)
Scrolls
 e - a scroll of enchant weapon {unknown}
 g - 6 scrolls of identify {unknown}
 i - 2 scrolls of fog {unknown}
 j - 2 scrolls of teleportation {unknown}
 l - 2 scrolls of noise {unknown}
 m - 3 scrolls of random uselessness {unknown}
 o - 2 scrolls of blinking {unknown}
 q - a scroll of immolation {unknown}
Potions
 d - 2 potions of might
 p - a potion of heal wounds {unknown}
Comestibles
 f - 8 rations


   Skills:
 + Level 4.8 Fighting
 + Level 3.8 Axes
 + Level 4.3 Armour
 + Level 4.3 Shields


You had 6 spell levels left.
You didn't know any spells.
Your spell library contained the following spells:

 Spells                   Type           Power        Failure   Level  Hunger
 Beastly Appendage        Tmut           #.....       100%        1    ##.....
 Sticks to Snakes         Tmut           #.......     100%        2    ###....
 Spider Form              Tmut/Pois      #.........   100%        3    ####...
 Ice Form                 Ice/Tmut       #.......     100%        4    #####..
 Blade Hands              Tmut           #.........   100%        5    ######.


Dungeon Overview and Level Annotations

Branches:
Dungeon (5/15)             Temple (1/1) D:4

Altars:
Ashenzari
Cheibriados
Dithmenos
Elyvilon
Fedhas
Gozag
Kikubaaqudgha
Makhleb
Nemelex Xobeh
Qazlal
Ru
Sif Muna
Trog
Uskayaw
Vehumet
Wu Jian
Xom
Yredelemnul
Zin
The Shining One


Innate Abilities, Weirdness & Mutations

You have a pair of small antennae on your head.
You are partially covered in yellow scales. (AC +2)
A demonic guardian rushes to your aid.
You are immune to rotting.
You have very sharp teeth.
You possess an exceptional clarity of mind.
Your flesh is heat resistant. (rF+)


Message History

You slash the orc!
You kill the orc!
Makhleb accepts your kill.
The orc priest invokes the aid of Beogh against you.
Pain shoots through your body!
The orc priest calls down the wrath of Beogh upon you.
Pain shoots through your body!
The orc priest invokes the aid of Beogh against you.
Beogh smites you!
* * * LOW HITPOINT WARNING * * *
Things that are here:
a +0 hand axe; a +0 falchion; a +0 leather armour You closely miss the orc priest.
You bite the orc priest.
The orc priest is lightly wounded.
The orc priest casts a cantrip, but nothing happens.
You closely miss the orc priest.
The orc priest is lightly wounded.
The orc priest mumbles some strange prayers to Beogh against you.
Beogh smites you!
You die...

### #.. #.# ## #.#
##.# ####.#########
##...####...>.........
#...o@....$..########.
##...######### #. ##..
#. #.. #. #.. ######.
#.. ....... #..
#######. ### .......
..#####


You could see an orc priest.

Vanquished Creatures
  A sky beast (D:5)
  A bullfrog skeleton (D:4)
  2 iguanas (D:4)
  3 worker ants (D:4)
  A howler monkey zombie (D:5)
  A worker ant zombie (D:5)
  3 gnolls
  7 adders
  3 dart slugs
  2 worms
  A leopard gecko (D:4)
  9 orcs
  3 giant cockroaches
  8 goblins
  11 hobgoblins
  3 quokkas
  7 bats
  3 frilled lizards
  A jackal skeleton (D:4)
  10 kobolds
  7 rats
87 creatures vanquished.

Vanquished Creatures (collateral kills)
  A gnoll sergeant (D:5)
  A scorpion (D:4)
  An adder (D:3)
  4 gnolls
7 creatures vanquished.

Grand Total: 94 creatures vanquished

Notes
Turn   | Place    | Note
-------+----------+-------------------------------------------
     0 | D:1      | Blackhawk the Demonspawn Fighter began the quest for the
                  | Orb.
     0 | D:1      | Reached XP level 1. HP: 18/18 MP: 1/1
   273 | D:1      | Gained mutation: You have a pair of small antennae on your
                  | head. [demonic ancestry]
   273 | D:1      | Reached XP level 2. HP: 23/24 MP: 2/2
   817 | D:2      | Gained mutation: You possess an exceptional clarity of
                  | mind. [potion of mutation]
   817 | D:2      | Gained mutation: You have very sharp teeth. [potion of
                  | mutation]
   817 | D:2      | Gained mutation: Your flesh is heat resistant. (rF+)
                  | [potion of mutation]
   825 | D:2      | Gained mutation: A weak demonic guardian rushes to your
                  | aid. [demonic ancestry]
   825 | D:2      | Reached XP level 3. HP: 13/29 MP: 3/3
  1269 | D:2      | Found a hide-covered altar of Uskayaw.
  1269 | D:2      | Found a shimmering altar of Xom.
  1710 | D:3      | Gained mutation: You are partially covered in yellow
                  | scales. (AC +2) [demonic ancestry]
  1710 | D:3      | Reached XP level 4. HP: 18/35 MP: 4/4
  2014 | D:3      | Reached XP level 5. HP: 33/42 MP: 5/5
  2449 | D:3      | Found a faded altar of an unknown god.
  3025 | D:4      | Found a staircase to the Ecumenical Temple.
  3029 | Temple   | Entered the Ecumenical Temple
  3235 | Temple   | Became a worshipper of Makhleb the Destroyer
  3470 | D:4      | Gained mutation: You are immune to rotting. [demonic
                  | ancestry]
  3470 | D:4      | Reached XP level 6. HP: 33/48 MP: 6/6
  4097 | D:5      | Entered Level 5 of the Dungeon
  4379 | D:5      | Noticed a sky beast
  4401 | D:5      | Killed a sky beast
  4401 | D:5      | Gained mutation: A demonic guardian rushes to your aid.
                  | [demonic ancestry]
  4401 | D:5      | Reached XP level 7. HP: 10/55 MP: 7/7
  4704 | D:5      | Killed from afar by an orc priest

Vault maps used:
D:1:      dpeg_arrival_tiny_j
D:2:      nicolae_overflow_hidden_temple
D:3:      chequers_ecumenical_altar_grove
D:4:      minmay_temple_entry_glassed_door, first_ration
D:5:      feat_on_display
Temple:   eino_narrow_crystal_temple

Skill      XL: |  1  2  3  4  5  6 |
---------------+-------------------+-----
Axes           | 2 3 |  3.8
Armour         | 3 4 |  4.3
Shields        | 3 4 |  4.3
Fighting       | 4 |  4.8

Action                   |  1- 3 |  4- 6 |  7- 9 || total
-------------------------+-------+-------+-------++-------
Melee: War axe           |   147 |   239 |    14 ||   400
       Short sword       |     6 |       |       ||     6
       Bite              |     5 |    35 |     1 ||    41
  Use: Potion            |     2 |       |       ||     2
  Eat: Chunk             |     3 |     4 |       ||     7
       Ration            |       |     1 |     1 ||     2
Armor: Scale mail        |    37 |       |       ||    37
       Plate armour      |    44 |   188 |     4 ||   236
Dodge: Dodged            |    54 |    30 |       ||    84
Block: Shield            |    66 |   126 |     6 ||   198

Table legend:
 A = Non-vault XP
 B = Vault XP
 C = Vault XP percentage of total XP
 D = Non-vault monster count
 E = Vault monster count
 F = Vault count percentage of total count
                 A         B        C        D         E       F
            +---------+---------+-------+---------+---------+-------
      Total |     807 |       0 |   0.0 |      94 |       0 |   0.0
            +---------+---------+-------+---------+---------+-------
        D:1 |      28 |       0 |   0.0 |      17 |       0 |   0.0
        D:2 |      37 |       0 |   0.0 |      13 |       0 |   0.0
        D:3 |     170 |       0 |   0.0 |      38 |       0 |   0.0
        D:4 |     304 |       0 |   0.0 |      15 |       0 |   0.0
        D:5 |     268 |       0 |   0.0 |      11 |       0 |   0.0
            +---------+---------+-------+---------+---------+-------
